 Dungeon Crawl Stone Soup version 0.31-a0-963-ga325b2283a (webtiles) character file.

Game seed: 12006700720544413233

54 LeprechaunX the Changeling (level 3, -4/24 HPs)
             Began as an Octopode Shapeshifter on Oct 25, 2023.
             Killed by nerve-wracking pain
             ... invoked by an orc priest
              (13 damage)
             ... on level 2 of the Dungeon.
             The game lasted 00:01:03 (1045 turns).

LeprechaunX the Changeling (Octopode Shapeshifter)  Turns: 1045, Time: 00:01:03

Health: -4/24      AC:  1    Str: 13    XL:     3   Next: 91%
Magic:  3/3        EV: 13    Int: 12    God:
Gold:   81         SH:  0    Dex: 13    Spells: 2/2 levels left

rFire   . .          .
                       - Unarmed
rCold   . . .        (no shield)
rNeg    . . .        (helmet currently unavailable)
rPois   .            (no amulet)
rElec   .            (no ring)
rCorr   .            (no ring)
SInv    .            (no ring)
Will    .....        (no ring)
Stlth   ++           (no ring)
HPRegen 0.24/turn    (no ring)
MPRegen 0.08/turn    (no ring)
                     (no ring)

%: no passive effects
@: beast-form
A: beast (slay +2), almost no armour, amphibious, 8 rings, camouflage 1,
gelatinous body 1, (nimble swimmer 1), tentacles
a: Begin Untransformation


You were on level 2 of the Dungeon.
You were a hulking beast.
You visited 1 branch of the dungeon, and saw 2 of its levels.

You collected 81 gold pieces.

Inventory:

Talismans
 b - a beast talisman
 c - a flux talisman
Scrolls
 d - a scroll of brand weapon {unknown}
 e - a scroll of teleportation {unknown}
 f - 2 scrolls of blinking {unknown}
 j - a scroll of amnesia {unknown}
Potions
 a - a potion of lignification
 g - a potion of haste {unknown}
 h - a potion of berserk rage {unknown}
 i - a potion of heal wounds {unknown}


   Skills:
 + Level 1.9 Fighting
 - Level 2.0 Dodging
 + Level 3.4 Unarmed Combat
 * Level 3.8 Shapeshifting


You had 2 spell levels left.
You didn't know any spells.
Your spell library was empty.

Dungeon Overview and Level Annotations

Branches:
Dungeon (2/15)

Altars:

Annotations:
D:2 Natasha


Innate Abilities, Weirdness & Mutations

You are a hulking beast.
Your limbs bulge with bestial killing power. (Slay +2)
You cannot wear most types of armour.
You are amphibious.
You can wear up to eight rings at the same time.
Your skin changes colour to match your surroundings (Stealth+).
Your rubbery body absorbs attacks. (AC +1, EV +1)
((You are camouflaged when in or above water. (Stealth+)))
You have tentacles for arms and can constrict up to eight enemies at once.


Message History

An orc comes into view. It is wielding a +0 hand axe.
An orc comes into view. It is wielding a +0 short sword.
Found a blue potion.
The orc priest shouts!
Natasha hisses angrily.
You hear a shout! x2
The orc priest barely misses you.
The orc shouts!
You tentacle-slap the orc priest but do no damage.
You grab the orc priest.
You constrict the orc priest, but do no damage.
The orc priest looks encouraged for a moment.
Natasha casts a spell.
You tentacle-slap the orc priest. You squeeze the orc priest.
The orc priest is moderately wounded.
You constrict the orc priest. The orc priest barely misses you.
You tentacle-slap the orc priest.
The orc priest is heavily wounded.
You constrict the orc priest, but do no damage.
The orc priest completely misses you.
The cerulean imp hits you from afar with a +2 spear.
Natasha barely misses you.
You tentacle-slap Natasha. You grab Natasha. Your squeeze misses Natasha.
Natasha is moderately wounded.
You constrict the orc priest. You constrict Natasha.
The orc priest hits you with a +0 flail.
The cerulean imp closely misses you. Natasha completely misses you.
You tentacle-slap the orc priest but do no damage.
The orc priest is heavily wounded.
You constrict the orc priest.
You constrict Natasha, but do no damage.
The orc priest calls down the wrath of Beogh upon you.
Pain shoots through your body! The cerulean imp barely misses you.
Natasha claws you.
You tentacle-slap the orc priest.
You squeeze the orc priest, but do no damage.
The orc priest is severely wounded.
You constrict the orc priest. You constrict Natasha.
The orc priest invokes the aid of Beogh against you.
Pain shoots through your body!
Ouch! That really hurt!
You die... # . ## #. # ... .. # #.# #. #.# ###.# ....! #.# ....# #P#. #.# ##.###.. .oo

#.# .†......
##P###o###.# #
##.##...
......hh.#.# .# . #
.....5.....## #.## #
.####.......##...#.#
##..###.#......#
#..###........#
#####..##.#.....##
..........##...## #
##.....####.## #
###.......(.#


You could see an orc priest, Natasha, a cerulean imp (summoned) and 2 orcs.

Vanquished Creatures
  Natasha (D:2)
  A ball python (D:1)
  5 endoplasms
  2 giant cockroaches (D:2)
  2 goblins (D:1)
  A hobgoblin (D:1)
  2 jackals (D:1)
  2 kobolds (D:1)
  A quokka (D:1)
  8 bats
  3 rats
28 creatures vanquished.

Notes
Turn   | Place    | Note
-------+----------+-------------------------------------------
     0 | D:1      | LeprechaunX the Octopode Shapeshifter began the quest for
                  | the Orb.
     0 | D:1      | Reached XP level 1. HP: 13/13 MP: 1/1
    59 | D:1      | Reached XP level 2. HP: 18/18 MP: 2/2
   832 | D:2      | Reached XP level 3. HP: 23/23 MP: 3/3
   857 | D:2      | Noticed Natasha
   861 | D:2      | Killed Natasha
  1035 | D:2      | Noticed Natasha
  1045 | D:2      | Killed from afar by an orc priest

Illustrated notes

Levels and vault maps discovered:
D:1:      matt_arrival_diagonals, layout_basic
D:2:      layout_loops_ring, shapermc_ecumenical_altar_mp_urbaneastern,
          basic_altar, uniq_natasha

Action                     || total
---------------------------++-------
  Melee: Unarmed           ||    57
         Constrict         ||    14
         Tentacles         ||     9
   Stab: Sleeping          ||     5
 Armour: Skin              ||    27
  Dodge: Dodged            ||    32

Table legend: (Time is in decaauts)
 A = Elapsed time spent in this place.
 B = Non-inter-level travel time spent in this place.
 C = Inter-level travel time spent in this place.
 D = Time resting spent in this place.
 E = Time spent auto-exploring this place.
 F = Levels seen in this place.
 G = Mean time per level.
                   A        B        C        D        E       F      G
               +--------+--------+--------+--------+--------+-----+--------+
         Total |   1048 |   1018 |     30 |      0 |    852 |   2 |  524.0 |
       Dungeon |   1048 |   1018 |     30 |      0 |    852 |   2 |  524.0 |
               +--------+--------+--------+--------+--------+-----+--------+

Top non-repeatable levels by time:
     D:1: 824 daAuts
     D:2: 224 daAuts
